 Dungeon Crawl Stone Soup version 0.26.1-11-gd32895ea62 (webtiles) character file.

Game seed: 3478498669002986319

2557 phalm the Destroyer (level 9, -11/66 HPs)
             Began as a Gnoll Conjurer on June 15, 2021.
             Was a Believer of Okawaru.
             Mangled by a wyvern (17 damage)
             ... on level 7 of the Dungeon.
             The game lasted 00:14:22 (8818 turns).

phalm the Destroyer (Gnoll Conjurer)                Turns: 8818, Time: 00:14:22

Health: -11/66     AC:  8    Str:  9    XL:     9   Next: 56%
Magic:  2/19       EV: 19    Int: 30    God:    Okawaru [**....]
Gold:   415        SH:  6    Dex: 14    Spells: 10/21 levels left

rFire    + . .     SeeInvis .   a - staff of air
rCold    . . .     Faith    .   M - +0 buckler
rNeg     . . .     Spirit   .   p - +2 robe
rPois    .         Reflect  .   (no helmet)
rElec    +         Harm     .   d - +1 cloak
rCorr    .         Rampage  .   r - +0 pair of gloves
Will     .....                  (no boots)
Stlth    +++++.....             A - amulet of the acrobat
HPRegen  0.21/turn              f - ring of protection from fire
MPRegen  0.16/turn              I - +6 ring of intelligence

@: heroism
A: distributed training, fangs 1, strong nose
a: Renounce Religion, Heroism


You were on level 7 of the Dungeon.
You worshipped Okawaru.
Okawaru was pleased with you.
You visited 2 branches of the dungeon, and saw 9 of its levels.

You collected 415 gold pieces.


Innate Abilities, Weirdness & Mutations

Your experience applies equally to all skills.
You have very sharp teeth.
Your uncanny sense of smell can sniff out nearby items.


   Skills:
 + Level 4.3(9.3) Fighting
 + Level 4.3(9.3) Short Blades
 + Level 4.3(9.3) Long Blades
 + Level 4.3(9.3) Axes
 + Level 4.3(9.3) Maces & Flails
 + Level 4.3(9.3) Polearms
 + Level 4.3(9.3) Staves
 + Level 4.3(9.3) Slings
 + Level 4.3(9.3) Bows
 + Level 4.3(9.3) Crossbows
 + Level 4.3(9.3) Throwing
 + Level 4.3(9.3) Armour
 + Level 6.4(11.4) Dodging
 + Level 6.1(11.1) Stealth
 + Level 4.3(9.3) Shields
 + Level 4.3(9.3) Unarmed Combat
 + Level 6.7 Spellcasting
 + Level 8.0 Conjurations
 + Level 3.6 Hexes
 + Level 3.6 Summonings
 + Level 3.6 Necromancy
 + Level 3.6 Translocations
 + Level 3.6 Transmutations
 + Level 3.6 Fire Magic
 + Level 3.6 Ice Magic
 + Level 3.6 Air Magic
 + Level 3.6 Earth Magic
 + Level 3.6 Poison Magic
 + Level 4.8 Invocations
 + Level 4.3 Evocations


You had 10 spell levels left.
You knew the following spells:

 Your Spells              Type           Power        Failure   Level
f - Fulminant Prism       Conj/Hex       22%          4%          4
m - Magic Dart            Conj           100%         1%          1
s - Searing Ray           Conj           100%         1%          2
X - Iskenderun's Mystic   Conj/Tloc      45%          4%          4

Your spell library contained the following spells:

 Spells                   Type           Power        Failure   Level
 Animate Skeleton         Necr           62%          1%          1
 Pain                     Necr           100%         1%          1
 Blink                    Tloc           N/A          1%          2
 Call Imp                 Summ           31%          1%          2
 Slow                     Hex            31%          1%          2
 Conjure Flame            Conj/Fire      45%          1%          3
 Dazzling Flash           Conj/Hex       90%          1%          3
 Mephitic Cloud           Conj/Pois/Air  57%          1%          3
 Confusing Touch          Hex            31%          3%          3
 Gell's Gravitas          Tloc           15%          3%          3
 Vampiric Draining        Necr           15%          3%          3
 Animate Dead             Necr           15%          11%         4
 Petrify                  Tmut/Erth      31%          11%         4
 Agony                    Necr           31%          30%         5
 Metabolic Englaciation   Hex/Ice        15%          30%         5
 Yara's Violent Unravell  Hex/Tmut       15%          30%         5

Inventory:

Hand Weapons
 b - the +5 hunting sling of Mastery {flame, rF+ Stlth+}
   (You found it on level 5 of the Dungeon)

   It causes projectiles fired from it to burn those they strike, causing extra
   injury to most foes and up to half again as much damage against particularly
   susceptible opponents.
   It protects you from fire.
   It makes you more stealthy.
 l - a +0 dagger
   (You took it off a goblin on level 3 of the Dungeon)
 q - a +2 vorpal mace
   (You took it off an orc on level 3 of the Dungeon)
Missiles
 k - 2 throwing nets {=f!f}
 u - 2 boomerangs
 H - 50 sling bullets
Armour
 d - a +1 cloak (worn)
   (You found it on level 7 of the Dungeon)
 p - a +2 robe (worn)
   (You took it off Blork the orc on level 5 of the Dungeon)
 r - a +0 pair of gloves (worn)
   (You found it on level 3 of the Dungeon)
 M - a +0 buckler (worn)
   (You found it on level 7 of the Dungeon)
Magical Staves
 a - an uncursed staff of air (weapon)
   (You found it on level 3 of the Dungeon)
Jewellery
 f - a ring of protection from fire (left hand)
   (You found it on level 5 of the Dungeon)
 v - an uncursed ring of willpower
   (You found it on level 4 of the Dungeon)
 A - an amulet of the acrobat (around neck)
   (You found it on level 1 of the Dungeon)
 D - a +6 ring of dexterity
   (You found it on level 1 of the Dungeon)
 F - an uncursed ring of fire
   (You found it on level 5 of the Dungeon)
 I - a +6 ring of intelligence (right hand)
   (You found it on level 6 of the Dungeon)
Wands
 t - a wand of random effects (11)
   (You found it on level 4 of the Dungeon)
 x - a wand of iceblast (5)
   (You took it off Pikel on level 7 of the Dungeon)
 E - a wand of acid (9)
   (You found it on level 6 of the Dungeon)
Scrolls
 c - a scroll of enchant armour
 i - a scroll of fog
 m - a scroll of noise {!r}
 n - 5 scrolls of teleportation {@r4}
 o - a scroll of enchant weapon
 s - 2 scrolls of amnesia {unknown}
 y - a scroll of fear {unknown}
 C - 2 scrolls of remove curse {@r2}
 G - a scroll of silence {unknown}
 L - a scroll of blinking {unknown}
Potions
 e - 2 potions of degeneration {unknown}
 g - 2 potions of attraction {unknown}
 h - a potion of berserk rage {unknown}
 j - a potion of heal wounds {unknown}
 w - a potion of haste {unknown}
 z - 4 potions of curing {unknown}
 B - a potion of ambrosia {unknown}
 J - a potion of brilliance {unknown}
 K - a potion of mutation {unknown}

Dungeon Overview and Level Annotations

Branches:
Dungeon (8/15)             Temple (1/1) D:5
   Lair: D:8-11

Altars:
Dithmenos
Okawaru
Qazlal
Ru
Uskayaw
Vehumet
Xom
Yredelemnul

Shops:
D:6

= ########
############....l.#######
..#....#...#....@.'.....#
..#....#...#......#.....#
..##...##..#......#.....#
..##...##..#......#.....#########
.......##'##......+.....#....#..#
.......##..#.#######....#....#..#
...........'.#...............+..'
...........#.#.#.............#..#
.......#####.#..#............#..#


You could see a wyvern.


Message History

Okawaru accepts your kill.
A yak comes into view. 😎 MP[-1]
You lost 1 mp, and now have 9/19 mp.
The magic dart hits the yak.
The yak bellows! 😎 MP[-1]
You lost 1 mp, and now have 8/19 mp.
The magic dart hits the yak!
A wyvern comes into view.
The wyvern moves out of view. 😎 MP[-1]
You lost 1 mp, and now have 7/19 mp.
The magic dart hits the yak! 😎 MP[-1]
You lost 1 mp, and now have 6/19 mp.
The magic dart hits the yak but does no damage.
A wyvern comes into view. 😎 MP[-1]
You lost 1 mp, and now have 5/19 mp.
The magic dart hits the yak.
The wyvern hisses angrily. 😎 MP[-1]
You lost 1 mp, and now have 4/19 mp.
The magic dart hits the yak.
The magic dart hits the yak.
The wyvern hisses angrily.
The yak barely misses you. 😎 MP[-1]
You lost 1 mp, and now have 3/19 mp.
You closely miss the yak. You bite the yak, but do no damage.
The yak gores you. 😕 HP[-4]
You take 4 damage, and now have 61/65 hp.
You barely miss the yak. The yak gores you! 😕 HP[-11]
You take 11 damage, and now have 50/65 hp.
You gain the combat prowess of a mighty hero.
The yak misses you. 😕 MP[-2]
You lost 2 mp, and now have 1/19 mp.
You hit the yak. The yak misses you.
You hit the yak but do no damage. You bite the yak, but do no damage.
The yak gores you!!
* * * LOW HITPOINT WARNING * * *
😨 HP[-18] MP[+1]
You take 18 damage, and now have 32/65 hp.
MASSIVE DAMAGE!! (PAUSE)
You hit the yak. You hit the yak. You block the yak's attack. 😮 HP[+1]
You hit the yak but do no damage. You bite the yak, but do no damage.
The yak barely misses you.
You closely miss the yak. The yak closely misses you.
You hit the yak but do no damage.
The yak is electrocuted.
You bite the yak, but do no damage.
The wyvern hisses angrily.
You hit the yak.
The yak is electrocuted.
The yak closely misses you. You block the wyvern's attack.
You hit the yak but do no damage.
A white imp comes into view.
The yak barely misses you. You block the wyvern's attack.
You hit the yak but do no damage. Your bite misses the yak.
You block the wyvern's attack.
The white imp shouts, "Slither away, thou baffled beetle-headed pignut!"
You hit the yak but do no damage.
The yak is electrocuted.
You kill the yak!
Okawaru accepts your kill. The wyvern bites you!
* * * LOW HITPOINT WARNING * * *
The wyvern misses you. 😨 HP[-7] MP[+1]
You now have 66 max hp (+1).
You take 7 damage, and now have 26/66 hp.
You block the wyvern's attack. The wyvern completely misses you.
You barely miss the wyvern. You bite the wyvern, but do no damage.
The wyvern barely misses you. The wyvern closely misses you. 😨 HP[+1]
The wyvern completely misses you.
There is a stone staircase leading up here.
The wyvern bites you!
* * * LOW HITPOINT WARNING * * *
You climb upwards.
There is a stone staircase leading down here. 😱 HP[-12] MP[+1]
You take 12 damage, and now have 15/66 hp.
You barely miss the wyvern. The wyvern bites you!
* * * LOW HITPOINT WARNING * * *
😱 HP[-9]
You take 9 damage, and now have 6/66 hp.
Casting: Magic Dart (safe; 1% risk of failure)
Confirm with . or Enter, or press ? or * to list all spells.
Aiming: Searing Ray (safe; 1% risk of failure)
Press: ? - help, Shift-Dir - straight line, f - wyvern
Aim: a wyvern (17% to evade)
The searing ray hits the wyvern! (Press . to maintain the ray.)
The wyvern bites you!
You die...

Skill      XL: |  1  2  3  4  5  6  7  8  9 |
---------------+----------------------------+-----
Spellcasting   | 5 6 |  6.7
Invocations    | 1 2 3 4 |  4.8
Fighting       | 1 2 3 4 |  4.3
Short Blades   | 1 2 3 4 |  4.3
Long Blades    | 1 2 3 4 |  4.3
Axes           | 1 2 3 4 |  4.3
Maces & Flails | 1 2 3 4 |  4.3
Polearms       | 1 2 3 4 |  4.3
Staves         | 1 2 3 4 |  4.3
Slings         | 1 2 3 4 |  4.3
Bows           | 1 2 3 4 |  4.3
Crossbows      | 1 2 3 4 |  4.3
Throwing       | 1 2 3 4 |  4.3
Armour         | 1 2 3 4 |  4.3
Shields        | 1 2 3 4 |  4.3
Unarmed Combat | 1 2 3 4 |  4.3
Evocations     | 1 2 3 4 |  4.3
Hexes          | 1 2 3 |  3.6
Summonings     | 1 2 3 |  3.6
Necromancy     | 1 2 3 |  3.6
Translocations | 1 2 3 |  3.6
Transmutations | 1 2 3 |  3.6
Fire Magic     | 1 2 3 |  3.6
Ice Magic      | 1 2 3 |  3.6
Air Magic      | 1 2 3 |  3.6
Earth Magic    | 1 2 3 |  3.6
Poison Magic   | 1 2 3 |  3.6
Dodging        | 5 6 |  6.4
Stealth        | 5 6 |  6.1
Conjurations   | 8 |  8.0

Action                   |  1- 3 |  4- 6 |  7- 9 || total
-------------------------+-------+-------+-------++-------
Melee: Dagger            |       |    17 |       ||    17
       Bite              |       |     4 |     9 ||    13
       Staff             |       |     9 |    29 ||    38
       Mace              |       |     2 |     2 ||     4
 Fire: Hunting sling     |       |       |     3 ||     3
 Cast: Magic Dart        |    67 |   132 |   169 ||   368
       Searing Ray       |       |     9 |    31 ||    40
Invok: Heroism           |       |       |     1 ||     1
Evoke: Wand              |       |     2 |       ||     2
  Use: Scroll            |       |       |     7 ||     7
Armor: Robe              |       |     5 |    12 ||    17
Dodge: Dodged            |     3 |    33 |    53 ||    89
Block: Buckler           |       |       |     5 ||     5

Levels and vault maps discovered:
D:1:      lightli_arrival_statuegarden, layout_basic
D:2:      layout_basic
D:3:      minmay_octagon_keep, layout_loops_ring, lemuel_round_altar
D:4:      layout_basic, hex_large
D:5:      layout_cave_pods, minmay_temple_entry_statues_pillars,
          mumra_transporter_accident, uniq_blork_the_orc
D:6:      layout_basic, serial_shops, nicolae_shop_waterfront, basic_altar
D:7:      layout_gridville, hangedman_decor_opposing, uniq_pikel
D:8:      layout_loops_ring, david_lair_generic, serial_shops,
          nicolae_shop_stone
Temple:   regret_index_temple_chain_breaker

Notes
Turn   | Place    | Note
-------+----------+-------------------------------------------
     0 | D:1      | phalm the Gnoll Conjurer began the quest for the Orb.
     0 | D:1      | Reached XP level 1. HP: 13/13 MP: 6/6
     0 | D:1      | magus.rc [v1.9.10]
   172 | D:1      | Reached XP level 2. HP: 19/19 MP: 4/7
   175 | D:1      | Learned a level 2 spell: Searing Ray
   935 | D:2      | Reached XP level 3. HP: 25/25 MP: 6/9
   974 | D:2      | Reached skill level 5 in Spellcasting
  1350 | D:2      | Reached skill level 1 in Invocations
  1448 | D:2      | Reached skill level 1 in Fighting
  1448 | D:2      | Reached skill level 1 in Short Blades
  1448 | D:2      | Reached skill level 1 in Long Blades
  1448 | D:2      | Reached skill level 1 in Axes
  1448 | D:2      | Reached skill level 1 in Maces & Flails
  1448 | D:2      | Reached skill level 1 in Polearms
  1448 | D:2      | Reached skill level 1 in Staves
  1448 | D:2      | Reached skill level 1 in Slings
  1448 | D:2      | Reached skill level 1 in Bows
  1448 | D:2      | Reached skill level 1 in Crossbows
  1448 | D:2      | Reached skill level 1 in Throwing
  1448 | D:2      | Reached skill level 1 in Armour
  1448 | D:2      | Reached skill level 1 in Shields
  1448 | D:2      | Reached skill level 1 in Unarmed Combat
  1448 | D:2      | Reached skill level 1 in Evocations
  1774 | D:3      | Reached XP level 4. HP: 32/32 MP: 7/11
  1965 | D:3      | Found a stormy altar of Qazlal.
  2697 | D:3      | Reached skill level 1 in Hexes
  2697 | D:3      | Reached skill level 1 in Summonings
  2697 | D:3      | Reached skill level 1 in Necromancy
  2697 | D:3      | Reached skill level 1 in Translocations
  2697 | D:3      | Reached skill level 1 in Transmutations
  2697 | D:3      | Reached skill level 1 in Fire Magic
  2697 | D:3      | Reached skill level 1 in Ice Magic
  2697 | D:3      | Reached skill level 1 in Air Magic
  2697 | D:3      | Reached skill level 1 in Earth Magic
  2697 | D:3      | Reached skill level 1 in Poison Magic
  2720 | D:3      | Reached XP level 5. HP: 20/37 MP: 0/12
  3423 | D:4      | Reached skill level 2 in Invocations
  3423 | D:4      | Reached XP level 6. HP: 41/44 MP: 0/13
  3787 | D:4      | Reached skill level 5 in Dodging
  4028 | D:4      | Reached skill level 2 in Fighting
  4028 | D:4      | Reached skill level 2 in Short Blades
  4028 | D:4      | Reached skill level 2 in Long Blades
  4028 | D:4      | Reached skill level 2 in Axes
  4028 | D:4      | Reached skill level 2 in Maces & Flails
  4028 | D:4      | Reached skill level 2 in Polearms
  4028 | D:4      | Reached skill level 2 in Staves
  4028 | D:4      | Reached skill level 2 in Slings
  4028 | D:4      | Reached skill level 2 in Bows
  4028 | D:4      | Reached skill level 2 in Crossbows
  4028 | D:4      | Reached skill level 2 in Throwing
  4028 | D:4      | Reached skill level 2 in Armour
  4028 | D:4      | Reached skill level 2 in Shields
  4028 | D:4      | Reached skill level 2 in Unarmed Combat
  4028 | D:4      | Reached skill level 2 in Evocations
  4163 | D:4      | Reached XP level 7. HP: 37/50 MP: 3/15
  4690 | D:5      | Entered Level 5 of the Dungeon
  4761 | D:5      | Reached skill level 2 in Hexes
  4761 | D:5      | Reached skill level 2 in Summonings
  4761 | D:5      | Reached skill level 2 in Necromancy
  4761 | D:5      | Reached skill level 2 in Translocations
  4761 | D:5      | Reached skill level 2 in Transmutations
  4761 | D:5      | Reached skill level 2 in Fire Magic
  4761 | D:5      | Reached skill level 2 in Ice Magic
  4761 | D:5      | Reached skill level 2 in Air Magic
  4761 | D:5      | Reached skill level 2 in Earth Magic
  4761 | D:5      | Reached skill level 2 in Poison Magic
  4977 | D:5      | Noticed Blork the orc
  4981 | D:5      | Killed Blork the orc
  4982 | D:5      | Reached skill level 5 in Stealth
  5324 | D:5      | Reached skill level 3 in Invocations
  5369 | D:5      | Found a staircase to the Ecumenical Temple.
  5380 | Temple   | Entered the Ecumenical Temple
  5390 | Temple   | Became a worshipper of Warmaster Okawaru
  5413 | D:5      | Got a smoking hunting sling
  5609 | D:5      | Reached XP level 8. HP: 57/57 MP: 6/16
  6008 | D:6      | Reached skill level 3 in Fighting
  6008 | D:6      | Reached skill level 3 in Short Blades
  6008 | D:6      | Reached skill level 3 in Long Blades
  6008 | D:6      | Reached skill level 3 in Axes
  6008 | D:6      | Reached skill level 3 in Maces & Flails
  6008 | D:6      | Reached skill level 3 in Polearms
  6008 | D:6      | Reached skill level 3 in Staves
  6008 | D:6      | Reached skill level 3 in Slings
  6008 | D:6      | Reached skill level 3 in Bows
  6008 | D:6      | Reached skill level 3 in Crossbows
  6008 | D:6      | Reached skill level 3 in Throwing
  6008 | D:6      | Reached skill level 3 in Armour
  6008 | D:6      | Reached skill level 3 in Shields
  6008 | D:6      | Reached skill level 3 in Unarmed Combat
  6008 | D:6      | Reached skill level 3 in Evocations
  6079 | D:6      | Learned a level 4 spell: Fulminant Prism
  6084 | D:6      | Learned a level 4 spell: Iskenderun's Mystic Blast
  6345 | D:6      | You pick up a book of Misfortune and begin reading...
  6345 | D:6      | You add the spells Confusing Touch, Gell's Gravitas,
                  | Petrify, Metabolic Englaciation and Yara's Violent
                  | Unravelling to your library.
  6427 | D:6      | Reached * piety under Okawaru
  6428 | D:6      | Reached skill level 6 in Spellcasting
  6904 | D:6      | Found Notichos's Jewellery Shoppe.
  7042 | D:6      | Found a sacrificial altar of Ru.
  7109 | D:6      | Identified the +5 hunting sling of Mastery {flame, rF+
                  | Stlth+} (You found it on level 5 of the Dungeon)
  7183 | D:7      | You pick up a book of Necromancy and begin reading...
  7183 | D:7      | You add the spells Pain, Animate Skeleton, Vampiric
                  | Draining, Animate Dead and Agony to your library.
  7372 | D:7      | You pick up a book of Minor Magic and begin reading...
  7372 | D:7      | You add the spells Blink, Call Imp, Slow, Conjure Flame and
                  | Mephitic Cloud to your library.
  7687 | D:7      | You fall into a shaft and drop 1 floor!
  7726 | D:8      | Reached skill level 4 in Invocations
  7805 | D:8      | Reached skill level 3 in Hexes
  7805 | D:8      | Reached skill level 3 in Summonings
  7805 | D:8      | Reached skill level 3 in Necromancy
  7805 | D:8      | Reached skill level 3 in Translocations
  7805 | D:8      | Reached skill level 3 in Transmutations
  7805 | D:8      | Reached skill level 3 in Fire Magic
  7805 | D:8      | Reached skill level 3 in Ice Magic
  7805 | D:8      | Reached skill level 3 in Air Magic
  7805 | D:8      | Reached skill level 3 in Earth Magic
  7805 | D:8      | Reached skill level 3 in Poison Magic
  7886 | D:7      | Reached skill level 6 in Dodging
  7978 | D:7      | Reached XP level 9. HP: 65/65 MP: 4/18
  8228 | D:7      | Reached ** piety under Okawaru
  8476 | D:7      | Noticed Pikel
  8538 | D:7      | Killed Pikel
  8539 | D:7      | Reached skill level 4 in Fighting
  8539 | D:7      | Reached skill level 4 in Short Blades
  8539 | D:7      | Reached skill level 4 in Long Blades
  8539 | D:7      | Reached skill level 4 in Axes
  8539 | D:7      | Reached skill level 4 in Maces & Flails
  8539 | D:7      | Reached skill level 4 in Polearms
  8539 | D:7      | Reached skill level 4 in Staves
  8539 | D:7      | Reached skill level 4 in Slings
  8539 | D:7      | Reached skill level 4 in Bows
  8539 | D:7      | Reached skill level 4 in Crossbows
  8539 | D:7      | Reached skill level 4 in Throwing
  8539 | D:7      | Reached skill level 4 in Armour
  8539 | D:7      | Reached skill level 6 in Stealth
  8539 | D:7      | Reached skill level 4 in Shields
  8539 | D:7      | Reached skill level 4 in Unarmed Combat
  8539 | D:7      | Reached skill level 8 in Conjurations
  8539 | D:7      | Reached skill level 4 in Evocations
  8815 | D:8      | HP: 15/66 [wyvern (12)]
  8817 | D:7      | HP: 6/66 [wyvern (10)]
  8818 | D:7      | Mangled by a wyvern

Vanquished Creatures
  Pikel (D:7)
  A yak (D:8)
  An orc warrior (D:6)
  A sky beast (D:7)
  An ice beast (D:7)
  A black bear (D:5)
  A necrophage (D:5)
  A centaur (D:7)
  2 lemures (D:7)
  Blork the orc (D:5)
  3 bullfrogs
  A wyvern zombie (D:7)
  A howler monkey (D:4)
  4 hounds
  7 orc wizards
  2 orc priests
  A gnoll shaman (D:5)
  A bullfrog skeleton (D:5)
  2 iguanas
  8 worker ants
  A howler monkey zombie (D:7)
  11 gnolls
  2 worker ant zombies
  6 adders
  A shadow imp (D:7)
  2 white imps
  An ufetubus (D:8)
  4 oozes (D:3)
  2 adder zombies
  3 worms
  4 dart slugs
  6 leopard geckos
  17 orcs
  7 bats
  2 giant cockroaches (D:1)
  7 goblins
  5 hobgoblins
  5 jackals
  7 kobolds
  5 quokkas
  5 frilled lizards
  A quokka skeleton (D:4)
  11 rats
156 creatures vanquished.

Table legend:
 A = Non-vault XP
 B = Vault XP
 C = Vault XP percentage of total XP
 D = Non-vault monster count
 E = Vault monster count
 F = Vault count percentage of total count
                 A         B        C        D         E       F
            +---------+---------+-------+---------+---------+-------
      Total |    2590 |    1064 |  29.1 |     134 |      20 |  13.0
            +---------+---------+-------+---------+---------+-------
        D:1 |      33 |       0 |   0.0 |      17 |       0 |   0.0
        D:2 |      43 |       0 |   0.0 |      17 |       0 |   0.0
        D:3 |     114 |      77 |  40.3 |      25 |      17 |  40.5
        D:4 |     399 |       0 |   0.0 |      17 |       0 |   0.0
        D:5 |     531 |      96 |  15.3 |      16 |       1 |   5.9
        D:6 |     497 |       0 |   0.0 |      18 |       0 |   0.0
        D:7 |     831 |     685 |  45.2 |      16 |       1 |   5.9
        D:8 |     142 |     206 |  59.2 |       8 |       1 |  11.1
            +---------+---------+-------+---------+---------+-------

Illustrated notes

Table legend:
 A = Kills in this place as a percentage of kills in entire the game.
 B = Kills by you in this place as a percentage of kills by you in the entire game.
 C = Kills by friends in this place as a percentage of kills by friends in the entire game.
 D = Other kills in this place as a percentage of other kills in the entire game.
 E = Experience gained in this place as a percentage of experience gained in the entire game.
 F = Experience gained in this place divided by the number of levels of this place that you have seen.
                   A       B       C       D       E      F
               +-------+-------+-------+-------+-------+----------------------
         Total | 100.0 | 100.0 |   N/A |   N/A | 100.0 | 406.0
       Dungeon | 100.0 | 100.0 |   N/A |   N/A | 100.0 | 456.8
               +-------+-------+-------+-------+-------+----------------------

Table legend: (Time is in decaauts)
 A = Elapsed time spent in this place.
 B = Non-inter-level travel time spent in this place.
 C = Inter-level travel time spent in this place.
 D = Time resting spent in this place.
 E = Time spent auto-exploring this place.
 F = Levels seen in this place.
 G = Mean time per level.
                   A        B        C        D        E       F      G
               +--------+--------+--------+--------+--------+-----+--------+
         Total |   8802 |   8591 |    211 |     35 |   7679 |   9 |  978.0 |
       Dungeon |   8783 |   8581 |    202 |     35 |   7677 |   8 | 1097.9 |
        Temple |     19 |     10 |      9 |      0 |      2 |   1 |   19.0 |
               +--------+--------+--------+--------+--------+-----+--------+

Top non-repeatable levels by time:
     D:3: 1581 daAuts
     D:7: 1469 daAuts
     D:4: 1349 daAuts
     D:6: 1243 daAuts
     D:5: 1190 daAuts
     D:1: 896 daAuts
     D:2: 859 daAuts
     D:8: 192 daAuts
  Temple: 19 daAuts
